 Dungeon Crawl Stone Soup version 0.26.1-11-gd32895ea62 (webtiles) character file.

Game seed: 15619093651754301472

183 Tiocfaidh the Sneak (level 5, -15/41 HPs)
             Began as a Merfolk Brigand on June 5, 2021.
             Demolished by an orc
             ... wielding a +0 dagger of electrocution
              (20 damage)
             ... on level 4 of the Dungeon.
             The game lasted 00:16:52 (2469 turns).

Tiocfaidh the Sneak (Merfolk Brigand)               Turns: 2469, Time: 00:16:53

Health: -15/41     AC: 11    Str: 12    XL:     5   Next: 62%
Magic:  5/5        EV:  6    Int: 10    God:
Gold:   163        SH:  0    Dex: 16    Spells: 4/4 levels left

rFire    + . .     SeeInvis .   a - +3 dagger
rCold    . . .     Faith    .   (no shield)
rNeg     + . .     Spirit   .   r - +0 chain mail {rF+}
rPois    .         Reflect  .   j - +1 helmet
rElec    .         Harm     .   c - +0 cloak
rCorr    .         Rampage  .   (no gloves)
Will     .....                  (no boots)
Stlth    ..........             (no amulet)
HPRegen  0.13/turn              s - ring of positive energy
MPRegen  0.09/turn              (no ring)

@: about to teleport
A: change form in water, swift swim, stealthy swim
a: no special abilities


You were on level 4 of the Dungeon.
You visited 1 branch of the dungeon, and saw 4 of its levels.

You collected 163 gold pieces.

Inventory:

Hand Weapons
 a - a +3 dagger (weapon)
Missiles
 e - 2 curare-tipped darts (quivered)
Armour
 b - a +0 robe
 c - a +0 cloak (worn)
 j - a +1 helmet (worn)
 r - a +0 chain mail of fire resistance (worn)
Jewellery
 s - a ring of positive energy (left hand)
Scrolls
 f - 6 scrolls of identify
 g - 2 scrolls of amnesia
 l - a scroll of teleportation
 n - a scroll of fog {unknown}
 q - a scroll of enchant armour {unknown}
 u - a scroll of immolation {unknown}
Potions
 i - a potion of heal wounds {unknown}
 m - a potion of curing {unknown}
 o - a potion of resistance {unknown}
 p - a potion of haste {unknown}
 t - a potion of mutation {unknown}
 v - 2 potions of flight {unknown}


   Skills:
 + Level 3.1 Fighting
 + Level 3.8 Short Blades
 + Level 3.0 Throwing
 + Level 2.3 Dodging
 + Level 5.7 Stealth


You had 4 spell levels left.
You didn't know any spells.
Your spell library was empty.

Dungeon Overview and Level Annotations

Branches:
Dungeon (4/15)
 Temple: D:4-7

Altars:
Ashenzari


Message History

An orc comes into view.
The orc hits you but does no damage. The orc completely misses you.
As you read the scroll labelled WUODIF TOPS, it crumbles to dust.
It is a scroll of identify.
g - 2 scrolls of amnesia
As you read the scroll labelled UGRAMUY GAIDDI, it crumbles to dust.
You feel aware of your surroundings.
It was a scroll of magic mapping.
The orc barely misses you. The orc hits you but does no damage.
You are electrocuted!!
As you read the scroll labelled BIHEWU PERU, it crumbles to dust.
It is a scroll of enchant weapon.
Your +2 dagger glows red for a moment.
The orc hits you but does no damage.
You are electrocuted!
* * * LOW HITPOINT WARNING * * *
The orc hits you but does no damage.
As you read the scroll labelled BEJA TULYIKAT, it crumbles to dust.
You feel strangely unstable.
It was a scroll of teleportation.
The orc hits you but does no damage.
You are electrocuted!!
You die...

*,,,,,,,,,,*,,,,*,,,,*
*,,,,,,,,,,*,,,,*,,,,+
*,,,,**,,,**,,,,*,,,,*
*,,,,*******,,,**,,,,*
*,,,,,,,,,,,,,,***+***
*,,,,,,,,,,,,,,,*,,,,*
######*,,,,,,,,,*,,,,*
#....##,,,,,,,,,*,,,,*
#..oo@#,,,**,,,**,,,,*
#...o######*,,,**,,,,*
#...o##...##..,,,,,,,,
#[[.o#..((o..o,,,,>,,,
#....)..((o...,**,,,**
#<..###.####..,*******
#...#**.#***,,,**,,,,,
#...#,,..,,,,,,,*,,,,,
#...#,,...,,,,,,*,,,,,


You could see an orc wizard and 4 orcs.

Vanquished Creatures
  4 gnolls (D:2)
  5 adders
  An ooze (D:1)
  A dart slug (D:1)
  5 leopard geckos
  7 orcs
  A ball python (D:1)
  3 giant cockroaches
  4 goblins
  8 hobgoblins
  8 jackals
  2 quokkas
  11 bats
  A frilled lizard (D:2)
  8 kobolds
  6 rats
75 creatures vanquished.

Notes
Turn   | Place    | Note
-------+----------+-------------------------------------------
     0 | D:1      | Tiocfaidh the Merfolk Brigand began the quest for the Orb.
     0 | D:1      | Reached XP level 1. HP: 16/16 MP: 1/1
   233 | D:1      | Reached XP level 2. HP: 22/23 MP: 2/2
   561 | D:1      | Reached skill level 5 in Stealth
   561 | D:1      | Reached XP level 3. HP: 28/28 MP: 3/3
   790 | D:2      | Reached XP level 4. HP: 25/34 MP: 4/4
  1289 | D:3      | Reached XP level 5. HP: 23/40 MP: 5/5
  2008 | D:3      | Found a broken altar of Ashenzari.
  2469 | D:4      | Demolished by an orc

Illustrated notes

Levels and vault maps discovered:
D:1:      dpeg_arrival_tiny_d, layout_basic, minmay_misc_feat_pillars
D:2:      layout_rooms, amcnicky_mini_pool_small
D:3:      layout_basic, evilmike_ruin_ashenzari
D:4:      layout_gridville, hangedman_decor_opposing,
          kennysheep_generic_room_16, uniq_grinder, uniq_sigmund,
          uniq_blork_the_orc

Skill      XL: |  1  2  3  4  5 |
---------------+----------------+-----
Stealth        | 5 |  5.7
Short Blades   | 3 |  3.8
Dodging        | 2 |  2.3
Fighting       | 3 |  3.1
Throwing       | 3 |  3.0

Action                   |  1- 3 |  4- 6 || total
-------------------------+-------+-------++-------
Melee: Dagger            |    55 |   167 ||   222
Throw: Dart              |    27 |    19 ||    46
  Use: Scroll            |       |     4 ||     4
 Stab: Sleeping          |     4 |     7 ||    11
Armor: Robe              |     8 |    17 ||    25
       Chain mail        |       |    63 ||    63
Dodge: Dodged            |    32 |    53 ||    85
